 Dungeon Crawl Stone Soup version 0.24-a0-358-g53aee78b01 (webtiles) character file.

Game seed: 11169195482198407332

168 theanonym the Magician (level 5, -4/31 HPs)
             Began as an Octopode Wizard on May 25, 2019.
             Killed from afar by an orc wizard (6 damage)
             ... with a magic dart
             ... on level 3 of the Dungeon.
             The game lasted 00:10:53 (3853 turns).

theanonym the Magician (Octopode Wizard)            Turns: 3853, Time: 00:10:53

Health: -4/31      AC:  1    Str:  6    XL:     5   Next: 49%
Magic:  1/11       EV: 13    Int: 21    God:
Gold:   99         SH:  0    Dex: 11    Spells: 1/12 levels left

rFire    . . .     SeeInvis .   a - +2 whip (venom)
rCold    . . .     Gourm    .   (no shield)
rNeg     . . .     Faith    .   d - +0 hat
rPois    .         Spirit   .   (no amulet)
rElec    .         Reflect  .   (no ring)
rCorr    .         Harm     .   (no ring)
MR       .....                  (no ring)
Stlth    +++.......             (no ring)
HPRegen  0.10/turn              (no ring)
MPRegen  0.12/turn              (no ring)
                                (no ring)
                                (no ring)

@: no status effects
A: almost no armour, stealthy swim, amphibious, 8 rings, constrict 8, camouflage
1, gelatinous body 1
a: no special abilities


Innate Abilities, Weirdness & Mutations

You cannot wear most types of armour.
You are very stealthy in the water. (Stealth+)
You are amphibious.
You can wear up to eight rings at the same time.
You can use your tentacles to constrict eight enemies at once.
Your skin changes colour to match your surroundings (Stealth+).
Your rubbery body absorbs attacks. (AC +1, EV +1)


   Skills:
 - Level 2.0 Dodging
 - Level 2.6 Stealth
 - Level 4.0 Spellcasting
 + Level 2.9 Conjurations
 - Level 2.0 Summonings
 - Level 1.4 Translocations
 + Level 1.9 Fire Magic


You had one spell level left.
You knew the following spells:

 Your Spells              Type           Power        Failure   Level  Hunger
a - Magic Dart            Conj           ###.         3%          1    None
b - Call Imp              Summ           ##......     8%          2    #......
c - Conjure Flame         Conj/Fire      ##......     13%         3    ###....
d - Mephitic Cloud        Conj/Pois/Air  #.......     24%         3    ###....
l - Blink                 Tloc           N/A          10%         2    #......

Your spell library contained the following spells:

 Spells                   Type           Power        Failure   Level  Hunger
 Slow                     Hex            #.......     19%         2    #......

Skill      XL: |  1  2  3  4  5 |
---------------+----------------+-----
Conjurations   | 2 |  2.9
Fire Magic     | 1 |  1.9
Summonings     | 2 |  2.0
Spellcasting   | 4 |  4.0
Dodging        | |  2.0
Stealth        | |  2.6
Translocations | |  1.4

Action                   |  1- 3 |  4- 6 || total
-------------------------+-------+-------++-------
Melee: Dagger            |    50 |     5 ||    55
       Constrict         |    16 |    17 ||    33
       Unarmed           |     4 |       ||     4
       Tentacles         |     4 |    14 ||    18
       Whip              |       |    63 ||    63
 Cast: Magic Dart        |    30 |    68 ||    98
       Blink             |       |     4 ||     4
       Call Imp          |       |     3 ||     3
       Conjure Flame     |       |     1 ||     1
       Mephitic Cloud    |       |     1 ||     1
 Stab: Sleeping          |     3 |    10 ||    13
  Eat: Chunk             |     1 |     5 ||     6
       Ration            |       |     1 ||     1
Armor: Skin              |     6 |     6 ||    12
Dodge: Dodged            |    37 |    53 ||    90

Inventory:

Hand Weapons
 a - a +2 whip of venom (weapon)
Armour
 d - a +0 hat (worn)
Scrolls
 h - 2 scrolls of identify {unknown}
 i - a scroll of fog {unknown}
 j - a scroll of fear {unknown}
Potions
 b - 3 potions of curing {unknown}
 f - a potion of invisibility {unknown}
 g - 2 potions of mutation {unknown}
Comestibles
 e - 6 rations


You were on level 3 of the Dungeon.
You were not hungry.

You visited 1 branch of the dungeon, and saw 3 of its levels.

You collected 99 gold pieces.

Dungeon Overview and Level Annotations

Branches:
Dungeon (3/15)

Altars:
Okawaru
Trog

.#....##...(.#.#...............#.
.#....##...#.#.#.#############)#.
.#...>##...#§#o#.................
.#....##...#.....#############.##
.#....##...#......#..............
.#....##.###......)..........#.#.
.#....##.# #.....##.########.#.#.
.#....##.###.....##.# #......#.#.
.#....##........@.#.# #.######.#.
.#....######.####.#÷# #.# #.##
##.........#.#.##.#.# #.# #.#
#÷#######.#.#....#.# #.# #.# ##.#
#.........#..#.###+######'## ...#
#.....#.#....#.##...........
######.....#.#....#.##...........
.....+...(.'.#....#.##...........
.#####.....####.#.#.##...........


You could see an orc.

Notes
Turn   | Place    | Note
-------+----------+-------------------------------------------
     0 | D:1      | theanonym the Octopode Wizard began the quest for the Orb.
     0 | D:1      | Reached XP level 1. HP: 11/11 MP: 4/4
   110 | D:1      | Reached XP level 2. HP: 9/17 MP: 4/6
   588 | D:1      | Reached skill level 2 in Conjurations
   596 | D:1      | Learned a level 2 spell: Blink
   599 | D:1      | Learned a level 2 spell: Call Imp
   704 | D:1      | Reached XP level 3. HP: 14/21 MP: 7/7
   844 | D:1      | Learned a level 3 spell: Conjure Flame
  1243 | D:2      | Reached XP level 4. HP: 27/27 MP: 3/9
  1494 | D:2      | Noticed Terence
  1573 | D:2      | HP: 13/27 [worm (5)]
  1790 | D:2      | HP: 13/27 [poisoned by a kobold]
  1796 | D:2      | HP: 11/27 [poisoned by a kobold]
  1802 | D:2      | HP: 9/27 [poisoned by a kobold]
  1810 | D:2      | HP: 8/27 [poisoned by a kobold]
  1876 | D:2      | HP: 12/27 [jackal (1)]
  2077 | D:2      | Killed Terence
  2077 | D:2      | Reached skill level 1 in Fire Magic
  2546 | D:3      | Reached XP level 5. HP: 28/31 MP: 2/10
  2656 | D:3      | Reached skill level 2 in Summonings
  2816 | D:3      | Learned a level 3 spell: Mephitic Cloud
  3062 | D:3      | Found a bloodstained altar of Trog.
  3422 | D:3      | Reached skill level 4 in Spellcasting
  3426 | D:3      | HP: 15/31 [poisoned by an adder]
  3431 | D:3      | HP: 13/31 [poisoned by an adder]
  3437 | D:3      | HP: 11/31 [poisoned by an adder]
  3445 | D:3      | HP: 10/31 [poisoned by an adder]
  3751 | D:2      | Found an iron altar of Okawaru.
  3844 | D:3      | HP: 15/31 [something (2)]
  3851 | D:3      | HP: 2/31 [something/puff of flame (11)]
  3853 | D:3      | Killed from afar by an orc wizard

Vanquished Creatures
  Terence (D:2)
  6 adders
  An ooze (D:3)
  3 worms
  2 dart slugs (D:1)
  A leopard gecko (D:2)
  An orc (D:3)
  9 bats
  3 giant cockroaches (D:1)
  10 goblins
  5 hobgoblins
  4 quokkas
  4 frilled lizards
  12 kobolds
  9 rats
71 creatures vanquished.

Vanquished Creatures (collateral kills)
  An orc (D:3)
1 creature vanquished.

Grand Total: 72 creatures vanquished

Table legend:
 A = Turns spent in this place as a percentage of turns spent in the entire game.
 B = Non-inter-level travel turns spent in this place as a percentage of non-inter-level travel turns spent in the entire game.
 C = Inter-level travel turns spent in this place as a percentage of turns spent in this place.
 D = Turns resting spent in this place as a percentage of non-inter-level travel turns spent in this place.
 E = Turns spent auto-exploring this place as a percentage of non-inter-level travel turns spent in this place.
 F = Non-inter-level travel turns spent in this place divided by the number of levels of this place that you've seen.
                   A       B       C       D       E      F
               +-------+-------+-------+-------+-------+----------------------
         Total | 100.0 | 100.0 |   5.8 |  44.0 |  39.1 | 1210.3
       Dungeon | 100.0 | 100.0 |   5.8 |  44.0 |  39.1 | 1210.3
               +-------+-------+-------+-------+-------+----------------------
